 Dungeon Crawl Stone Soup version 0.28.0-45-g0d030f2227 (webtiles) character file.

Game seed: 16197759235698519928

156 McKennaii the Skirmisher (level 5, -1/42 HPs)
             Began as a Demonspawn Fighter on Apr 7, 2022.
             Splashed by a jelly's acid (7 damage)
             ... on level 3 of the Dungeon.
             The game lasted 00:02:44 (2893 turns).

McKennaii the Skirmisher (Demonspawn Fighter)       Turns: 2893, Time: 00:02:48

Health: -1/42      AC:  0    Str: 19    XL:     5   Next: 15%
Magic:  5/5        EV:  9    Int:  9    God:
Gold:   111        SH:  4    Dex: 12    Spells: 4/4 levels left

rFire   . . .      SeeInvis .   j - +2 spear (vorpal)
rCold   . . .      Faith    .   c - +0 buckler
rNeg    . . .      Spirit   .   b - +0 scale mail
rPois   .          Reflect  .   m - +1 helmet
rElec   .          Harm     .   (no cloak)
rCorr   .          Rampage  .   (no gloves)
Will    .....                   (no boots)
Stlth   ..........              (no amulet)
HPRegen 0.14/turn               (no ring)
MPRegen 0.09/turn               (no ring)

@: corroded
A: slimy green scales 1, powered by death 1
a: no special abilities


You were on level 3 of the Dungeon.
You visited 1 branch of the dungeon, and saw 3 of its levels.

You collected 111 gold pieces.

Inventory:

Hand Weapons
 a - a +0 trident
 j - a +2 vorpal spear (weapon)
Armour
 b - a +0 scale mail (worn)
 c - a +0 buckler (worn)
 m - a +1 helmet (worn)
Jewellery
 i - an amulet of the acrobat
Scrolls
 e - a scroll of enchant weapon {unknown}
 g - 2 scrolls of identify {unknown}
 h - 2 scrolls of teleportation {unknown}
 k - 2 scrolls of immolation {unknown}
 l - 3 scrolls of noise {unknown}
Potions
 d - a potion of might
 f - a potion of mutation {unknown}
 n - a potion of heal wounds {unknown}


   Skills:
 + Level 4.0 Fighting
 + Level 2.8 Polearms
 + Level 3.5 Armour
 + Level 3.5 Shields


You had 4 spell levels left.
You didn't know any spells.
Your spell library was empty.

Dungeon Overview and Level Annotations

Branches:
Dungeon (3/15)

Altars:
Qazlal
Sif Muna

Shops:
D:2 :


Innate Abilities, Weirdness & Mutations

You are partially covered in slimy green scales. (AC +2)
You regenerate a little health from kills.


Message History

You block the jelly's attack.
You barely miss the jelly.
The jelly is lightly wounded.
The jelly hits you but does no damage.
You hit the jelly. The acid corrodes you!
Your hands burn!
The jelly is moderately wounded.
The jelly hits you but does no damage.
You hit the jelly.
Your hands burn!
The jelly is moderately wounded.
The jelly closely misses you.
You hit the jelly.
Your hands burn!
The jelly is severely wounded.
The jelly hits you but does no damage.
You completely miss the jelly.
The jelly is severely wounded.
The jelly closely misses you.
You hit the jelly.
Your hands burn!
The jelly is severely wounded.
The jelly hits you.
You are splashed with acid.
You are too injured to fight recklessly!
You are too injured to fight recklessly!
You are too injured to fight recklessly!
You hit the jelly but do no damage.
Your hands burn!
The jelly is severely wounded.
The jelly hits you. The acid corrodes you!
You are splashed with acid.
* * * LOW HITPOINT WARNING * * *
You hit the jelly but do no damage.
Your hands burn!
* * * LOW HITPOINT WARNING * * *
The jelly is severely wounded.
The jelly barely misses you.
You completely miss the jelly.
The jelly is severely wounded.
The jelly barely misses you.
You hit the jelly but do no damage. The acid corrodes you!
Your hands burn!
* * * LOW HITPOINT WARNING * * *
The jelly is severely wounded.
The jelly hits you.
* * * LOW HITPOINT WARNING * * *
You are splashed with acid!
You die...

#####.####..# #.####..#
#.......##### #####.....>.#
########### #..####.# #.........#
#..# #.# #.#######.# ##
######..####.# #.# #####.####.
####..........#.###.###.....#....
..##.####..##...@J......≈≈≈..._..
..##.# ##...###.###.###..≈≈≈≈...≈
#.##.# #.....##.# #.##......≈≈≈≈≈
#.##.# ##.......# #.....≈....≈≈≈.
.†...# ##.###### #####.≈≈≈≈.....
#.#### #.# ######...≈≈≈...≈ ..#
#.# #......#...≈≈≈≈≈ .<# ##'##
#.####...#...... ..# ##...##
#.####.########.


You could see a jelly.

Vanquished Creatures
  A bullfrog skeleton (D:3)
  4 gnolls
  An adder (D:2)
  A worm (D:2)
  2 dart slugs (D:1)
  3 orcs (D:3)
  4 ball pythons
  6 bats
  6 endoplasms
  3 giant cockroaches
  5 goblins
  11 hobgoblins
  2 jackals (D:3)
  5 quokkas
  4 frilled lizards
  2 kobolds
  8 rats
68 creatures vanquished.

Vanquished Creatures (others)
  15 plants (D:2)
15 creatures vanquished.

Grand Total: 83 creatures vanquished

Notes
Turn   | Place    | Note
-------+----------+-------------------------------------------
     0 | D:1      | McKennaii the Demonspawn Fighter began the quest for the
                  | Orb.
     0 | D:1      | Reached XP level 1. HP: 18/18 MP: 1/1
   190 | D:1      | Gained mutation: You are partially covered in slimy green
                  | scales. (AC +2) [demonic ancestry]
   190 | D:1      | Reached XP level 2. HP: 24/24 MP: 2/2
   209 | D:1      | Found a faded altar of an unknown god.
   477 | D:1      | Reached XP level 3. HP: 28/29 MP: 3/3
   977 | D:2      | Found Meloistra's Book Shoppe.
  1495 | D:2      | Gained mutation: You regenerate a little health from kills.
                  | [demonic ancestry]
  1495 | D:2      | Reached XP level 4. HP: 36/36 MP: 4/4
  2161 | D:3      | Found a shimmering blue altar of Sif Muna.
  2177 | D:3      | Reached XP level 5. HP: 37/42 MP: 5/5
  2203 | D:3      | Found a stormy altar of Qazlal.
  2663 | D:3      | Reached skill level 4 in Fighting
  2893 | D:3      | Splashed by a jelly's acid

Illustrated notes

Levels and vault maps discovered:
D:1:      eino_arrival_tree_alley, layout_loops_ring, basic_ecumenical_altar,
          grunt_decor_one_mirror
D:2:      layout_basic, serial_shops, nicolae_shop_behind_doors,
          nicolae_grassy_gnolls
D:3:      layout_loops_corners, mainiacjoe_overflow_catch_the_wave

Skill      XL: |  1  2  3  4  5 |
---------------+----------------+-----
Polearms       | 2 |  2.8
Shields        | 3 |  3.5
Armour         | 3 |  3.5
Fighting       | 4 |  4.0

Action                   |  1- 3 |  4- 6 || total
-------------------------+-------+-------++-------
Melee: Trident           |   125 |    16 ||   141
       Spear             |       |    91 ||    91
Armor: Scale mail        |    55 |    31 ||    86
Dodge: Dodged            |    43 |    28 ||    71
Block: Buckler           |    19 |    21 ||    40
